[gd_scene load_steps=16 format=3 uid="uid://cox3p1j5yip6f"]

[ext_resource type="Script" uid="uid://bqstj7ubfag1c" path="res://classes/CharacterSprite.gd" id="1_cbaja"]
[ext_resource type="Texture2D" uid="uid://c0dgp6guwt1py" path="res://assets/images/characters/court/wright/idle/0.png" id="2_vpy0b"]
[ext_resource type="Texture2D" uid="uid://bpre6ntsikk56" path="res://assets/images/characters/court/wright/idle/1_0.png" id="3_lp6e6"]
[ext_resource type="Texture2D" uid="uid://cba7qa166oimt" path="res://assets/images/characters/court/wright/idle/face0.png" id="4_w52yp"]
[ext_resource type="Texture2D" uid="uid://cioq2gh1vg6km" path="res://assets/images/characters/court/wright/idle/eye0_0.png" id="5_14i2k"]
[ext_resource type="Texture2D" uid="uid://ck61phks81kxi" path="res://assets/images/characters/court/wright/idle/eye0_1.png" id="6_cm72w"]
[ext_resource type="Texture2D" uid="uid://buqv074hbh41h" path="res://assets/images/characters/court/wright/idle/mouth0_0.png" id="7_ibrt8"]
[ext_resource type="Texture2D" uid="uid://cvuo1wencmv12" path="res://assets/images/characters/court/wright/idle/mouth0_1.png" id="8_cgbrb"]
[ext_resource type="Texture2D" uid="uid://ogtpp48jikjl" path="res://assets/images/characters/court/wright/idle/mouth0_2.png" id="9_yktm3"]

[sub_resource type="Animation" id="Animation_j6pco"]
resource_name = "Eyes"
length = 0.3
tracks/0/type = "value"
tracks/0/imported = false
tracks/0/enabled = true
tracks/0/path = NodePath("Eyes/Eyes0:visible")
tracks/0/interp = 1
tracks/0/loop_wrap = true
tracks/0/keys = {
"times": PackedFloat32Array(0.07, 0.14, 0.21, 0.28),
"transitions": PackedFloat32Array(1, 1, 1, 1),
"update": 1,
"values": [true, false, true, false]
}
tracks/1/type = "value"
tracks/1/imported = false
tracks/1/enabled = true
tracks/1/path = NodePath("Eyes/Eyes1:visible")
tracks/1/interp = 1
tracks/1/loop_wrap = true
tracks/1/keys = {
"times": PackedFloat32Array(0.07, 0.14, 0.21),
"transitions": PackedFloat32Array(1, 1, 1),
"update": 1,
"values": [false, true, false]
}

[sub_resource type="Animation" id="Animation_xaqat"]
length = 0.001
tracks/0/type = "value"
tracks/0/imported = false
tracks/0/enabled = true
tracks/0/path = NodePath("Eyes/Eyes0:visible")
tracks/0/interp = 1
tracks/0/loop_wrap = true
tracks/0/keys = {
"times": PackedFloat32Array(0),
"transitions": PackedFloat32Array(1),
"update": 1,
"values": [false]
}
tracks/1/type = "value"
tracks/1/imported = false
tracks/1/enabled = true
tracks/1/path = NodePath("Eyes/Eyes1:visible")
tracks/1/interp = 1
tracks/1/loop_wrap = true
tracks/1/keys = {
"times": PackedFloat32Array(0),
"transitions": PackedFloat32Array(1),
"update": 1,
"values": [false]
}

[sub_resource type="AnimationLibrary" id="AnimationLibrary_p5637"]
_data = {
&"Eyes": SubResource("Animation_j6pco"),
&"RESET": SubResource("Animation_xaqat")
}

[sub_resource type="Animation" id="Animation_nn1gf"]
resource_name = "Mouth"
length = 0.6
loop_mode = 1
step = 0.15
tracks/0/type = "value"
tracks/0/imported = false
tracks/0/enabled = true
tracks/0/path = NodePath("Mouth/Mouth0:visible")
tracks/0/interp = 1
tracks/0/loop_wrap = true
tracks/0/keys = {
"times": PackedFloat32Array(0, 0.15, 0.3, 0.45, 0.6),
"transitions": PackedFloat32Array(1, 1, 1, 1, 1),
"update": 1,
"values": [false, true, false, true, false]
}
tracks/1/type = "value"
tracks/1/imported = false
tracks/1/enabled = true
tracks/1/path = NodePath("Mouth/Mouth1:visible")
tracks/1/interp = 1
tracks/1/loop_wrap = true
tracks/1/keys = {
"times": PackedFloat32Array(0, 0.15, 0.3, 0.45, 0.6),
"transitions": PackedFloat32Array(1, 1, 1, 1, 1),
"update": 1,
"values": [false, false, true, false, false]
}
tracks/2/type = "value"
tracks/2/imported = false
tracks/2/enabled = true
tracks/2/path = NodePath("Mouth/Mouth2:visible")
tracks/2/interp = 1
tracks/2/loop_wrap = true
tracks/2/keys = {
"times": PackedFloat32Array(0, 0.15, 0.6),
"transitions": PackedFloat32Array(1, 1, 1),
"update": 1,
"values": [true, false, true]
}

[sub_resource type="Animation" id="Animation_wxkt8"]
length = 0.001
tracks/0/type = "value"
tracks/0/imported = false
tracks/0/enabled = true
tracks/0/path = NodePath("Mouth/Mouth2:visible")
tracks/0/interp = 1
tracks/0/loop_wrap = true
tracks/0/keys = {
"times": PackedFloat32Array(0),
"transitions": PackedFloat32Array(1),
"update": 1,
"values": [true]
}
tracks/1/type = "value"
tracks/1/imported = false
tracks/1/enabled = true
tracks/1/path = NodePath("Mouth/Mouth0:visible")
tracks/1/interp = 1
tracks/1/loop_wrap = true
tracks/1/keys = {
"times": PackedFloat32Array(0),
"transitions": PackedFloat32Array(1),
"update": 1,
"values": [false]
}
tracks/2/type = "value"
tracks/2/imported = false
tracks/2/enabled = true
tracks/2/path = NodePath("Mouth/Mouth1:visible")
tracks/2/interp = 1
tracks/2/loop_wrap = true
tracks/2/keys = {
"times": PackedFloat32Array(0),
"transitions": PackedFloat32Array(1),
"update": 1,
"values": [false]
}

[sub_resource type="AnimationLibrary" id="AnimationLibrary_g8sju"]
_data = {
&"Mouth": SubResource("Animation_nn1gf"),
&"RESET": SubResource("Animation_wxkt8")
}

[node name="WrightCourtIdle" type="Node2D" node_paths=PackedStringArray("EyeTimer", "EyesAnimation", "MouthAnimation")]
script = ExtResource("1_cbaja")
char_name = "Wright"
EyeTimer = NodePath("Eyes/Timer")
EyesAnimation = NodePath("EyesAnimation")
MouthAnimation = NodePath("MouthAnimation")
metadata/_custom_type_script = "uid://bqstj7ubfag1c"

[node name="EyesAnimation" type="AnimationPlayer" parent="."]
libraries = {
&"": SubResource("AnimationLibrary_p5637")
}

[node name="MouthAnimation" type="AnimationPlayer" parent="."]
libraries = {
&"": SubResource("AnimationLibrary_g8sju")
}

[node name="BaseLayer" type="Node2D" parent="."]

[node name="Body" type="Sprite2D" parent="BaseLayer"]
position = Vector2(47, 378)
texture = ExtResource("2_vpy0b")
centered = false

[node name="Arm" type="Sprite2D" parent="BaseLayer"]
position = Vector2(576, 378)
texture = ExtResource("3_lp6e6")
centered = false

[node name="Face" type="Sprite2D" parent="BaseLayer"]
position = Vector2(424, 8)
texture = ExtResource("4_w52yp")
centered = false

[node name="Eyes" type="Node2D" parent="."]

[node name="Timer" type="Timer" parent="Eyes"]
wait_time = 3.0
one_shot = true
autostart = true

[node name="Eyes0" type="Sprite2D" parent="Eyes"]
visible = false
position = Vector2(754, 160)
texture = ExtResource("5_14i2k")

[node name="Eyes1" type="Sprite2D" parent="Eyes"]
visible = false
position = Vector2(754, 160)
texture = ExtResource("6_cm72w")

[node name="Mouth" type="Node2D" parent="."]

[node name="Mouth2" type="Sprite2D" parent="Mouth"]
position = Vector2(677, 297)
texture = ExtResource("7_ibrt8")

[node name="Mouth0" type="Sprite2D" parent="Mouth"]
visible = false
position = Vector2(677.5, 297)
texture = ExtResource("8_cgbrb")

[node name="Mouth1" type="Sprite2D" parent="Mouth"]
visible = false
position = Vector2(677, 297)
texture = ExtResource("9_yktm3")
